 Dungeon Crawl Stone Soup version 0.24.1 (webtiles) character file.

Game seed: 17563278951903205394, levelgen mode: deterministic

84 Curus the Cudgeler (level 4, -1/39 HPs)
             Began as a Minotaur Monk on Apr 1, 2020.
             Slain by an orc priest
             ... wielding a +0 club
              (6 damage)
             ... on level 3 of the Dungeon.
             The game lasted 00:05:11 (1672 turns).

Curus the Cudgeler (Minotaur Monk)                  Turns: 1672, Time: 00:05:12

Health: -1/39      AC:  3    Str: 15      XL:     4   Next: 23%
Magic:  3/3        EV: 13    Int:  7      God:
Gold:   70         SH:  0    Dex: 11 (14) Spells: 3/3 levels left

rFire    . . .     SeeInvis .   a - +1 mace
rCold    . . .     Gourm    .   (no shield)
rNeg     . . .     Faith    .   b - +1 robe
rPois    .         Spirit   .   (helmet restricted)
rElec    .         Reflect  .   (no cloak)
rCorr    .         Harm     .   (no gloves)
MR       .....                  (no boots)
Stlth    ++........             (no amulet)
HPRegen  0.13/turn              (no ring)
MPRegen  0.08/turn              (no ring)

@: no status effects
A: retaliatory headbutt, horns 2
a: no special abilities


You were on level 3 of the Dungeon.
You were not hungry.

You visited 1 branch of the dungeon, and saw 3 of its levels.

You collected 70 gold pieces.

Inventory:

Hand Weapons
 a - a +1 mace (weapon)
Armour
 b - a +1 robe (worn)
Scrolls
 d - a scroll of remove curse
 e - a scroll of identify
Comestibles
 c - 8 rations


   Skills:
 - Level 3.6 Fighting
 + Level 6.2 Maces & Flails
 - Level 3.2 Dodging
 - Level 1.5 Stealth


You had 3 spell levels left.
You didn't know any spells.
Your spell library was empty.

Dungeon Overview and Level Annotations

Branches:
Dungeon (3/15)

Altars:
Elyvilon


Innate Abilities, Weirdness & Mutations

You reflexively headbutt those who attack you in melee.
You have a pair of horns on your head.


Message History

The orc wizard hits you with a +0 dagger.
The orc priest invokes the aid of Beogh against you.
Beogh smites you! The gnoll misses you.
You hit the orc priest.
The orc priest is moderately wounded.
The orc wizard misses you.
The orc priest hits you but does no damage.
The orc wizard hits you with a +0 dagger.
You hit the orc priest.
The orc priest is heavily wounded.
The gnoll hits you from afar with a +0 halberd.
The orc misses you.
The orc priest invokes the aid of Beogh against you.
Pain shoots through your body!
* * * LOW HITPOINT WARNING * * *
The orc wizard misses you. You furiously retaliate!
You headbutt the orc wizard.
All of the chunks of flesh in your inventory have rotted away.
The orc priest hits you with a +0 club.
You die...

........##.#.#..#.#.#
.......).............
#######.##.#.........
#.##.#.........
#.##.#..†...#..
#.##.####...# #.##.#
...# ########....####
..# ....ggoo@.......
.... .....go.........
.... ###############.
.#.#


You could see an orc priest, an orc wizard, 3 gnolls and an orc.

Vanquished Creatures
  3 adders (D:2)
  2 worms (D:2)
  A dart slug (D:1)
  A leopard gecko (D:1)
  An orc (D:3)
  7 bats
  A giant cockroach (D:2)
  6 goblins
  6 hobgoblins
  2 jackals (D:1)
  6 kobolds
  A quokka (D:2)
  4 frilled lizards
  6 rats
47 creatures vanquished.

Notes
Turn   | Place    | Note
-------+----------+-------------------------------------------
     0 | D:1      | Curus the Minotaur Monk began the quest for the Orb.
     0 | D:1      | Reached XP level 1. HP: 19/19 MP: 0/0
   110 | D:1      | Reached skill level 4 in Maces & Flails
   420 | D:1      | Reached XP level 2. HP: 26/26 MP: 1/1
   709 | D:1      | Reached skill level 5 in Maces & Flails
   714 | D:1      | Reached XP level 3. HP: 24/31 MP: 2/2
  1419 | D:2      | Found a white marble altar of Elyvilon.
  1430 | D:2      | Reached XP level 4. HP: 23/39 MP: 3/3
  1431 | D:2      | Reached skill level 6 in Maces & Flails
  1672 | D:3      | Slain by an orc priest

Levels and vault maps discovered:
D:1:      lightli_arrival_isolated_outpost, layout_basic
D:2:      layout_basic, old_standard_altar
D:3:      layout_basic

Skill      XL: |  1  2  3  4 |
---------------+-------------+-----
Maces & Flails | 4 5 6 |  6.2
Fighting       | |  3.6
Dodging        | |  3.2
Stealth        | |  1.5

Action                   |  1- 3 |  4- 6 || total
-------------------------+-------+-------++-------
Melee: Mace              |    87 |    19 ||   106
       Headbutt          |     9 |     3 ||    12
  Use: Scroll            |     6 |     2 ||     8
       Potion            |     3 |     1 ||     4
 Stab: Sleeping          |     4 |       ||     4
  Eat: Chunk             |     1 |     1 ||     2
Armor: Robe              |    13 |     3 ||    16
Dodge: Dodged            |    51 |    13 ||    64
